 Dungeon Crawl Stone Soup version 0.28.0-43-g3370ac3207 (webtiles) character file.

Game seed: 14682031362275148374

420 theElss the Skirmisher (level 6, -3/40 HPs)
             Began as a Gargoyle Berserker on Mar 2, 2022.
             Was a Believer of Trog.
             Slain by Dowan
             ... wielding a +0 dagger
              (5 damage)
             ... on level 4 of the Dungeon.
             The game lasted 00:06:28 (3594 turns).

theElss the Skirmisher (Gargoyle Berserker)         Turns: 3594, Time: 00:06:29

Health: -3/40      AC: 15    Str: 20    XL:     6   Next: 94%
Magic:  6/6        EV:  8    Int:  8    God:    Trog [**....]
Gold:   97         SH:  3    Dex: 11    Spells: 5/5 levels left

rFire   . . .      SeeInvis .   s - +0 flail
rCold   . . .      Faith    .   t - +0 buckler
rNeg    + . .      Spirit   .   l - +0 chain mail
rPois   ∞          Reflect  .   o - +0 helmet
rElec   +          Harm     .   (no cloak)
rCorr   .          Rampage  .   (no gloves)
Will    .....                   (no boots)
Stlth   ..........              (no amulet)
HPRegen 0.13/turn               (no ring)
MPRegen 0.10/turn               (no ring)

@: on berserk cooldown, slowed, very slow
A: sickness immunity, AC +4, negative energy resistance 1, electricity
resistance, torment resistance 1, petrification resistance
a: Renounce Religion, Berserk, Trog's Hand


You were on level 4 of the Dungeon.
You worshipped Trog.
Trog was pleased with you.
You visited 1 branch of the dungeon, and saw 4 of its levels.

You collected 97 gold pieces.

Inventory:

Hand Weapons
 a - a +0 mace
 s - a +0 flail (weapon)
Armour
 l - a +0 chain mail (worn)
 o - a +0 helmet (worn)
 t - a +0 buckler (worn)
Wands
 k - a wand of digging (5)
Scrolls
 c - 2 scrolls of teleportation {unknown}
 f - a scroll of acquirement {unknown}
 g - a scroll of silence {unknown}
 h - 2 scrolls of enchant weapon {unknown}
 i - a scroll of identify {unknown}
 j - a scroll of noise {unknown}
 m - a scroll of summoning {unknown}
 n - 2 scrolls of fear {unknown}
 r - a scroll of enchant armour {unknown}
Potions
 b - a potion of cancellation {unknown}
 d - 2 potions of mutation {unknown}
 e - 2 potions of brilliance {unknown}
 p - a potion of lignification {unknown}
 q - a potion of flight {unknown}


   Skills:
 + Level 4.9 Fighting
 + Level 4.5 Maces & Flails
 + Level 4.2 Armour
 + Level 3.2 Dodging
 + Level 0.9 Shields


You had 5 spell levels left.
You didn't know any spells.
Your spell library was empty.

Dungeon Overview and Level Annotations

Branches:
Dungeon (4/15)
 Temple: D:4-7

Altars:

Shops:
D:1 :

Annotations:
D:4 Dowan


Innate Abilities, Weirdness & Mutations

You are immune to sickness and miasma.
Your stone body is resilient. (AC +4)
You are immune to poison.
You resist negative energy. (rN+)
You are resistant to electric shocks. (rElec)
You are resistant to unholy torment.
You are immune to petrification.


Message History

You feel a strong urge to attack something.
You are no longer berserk.
You are exhausted.
You feel yourself slow down.
A ball python comes into view.
The ball python hisses angrily.
You sock the hobgoblin!
You kill the hobgoblin!
Trog accepts your kill.
The ball python bites you but does no damage.
The ball python closely misses you.
You closely miss the ball python.
Dowan, Brother of Duvessa comes into view.
He is wielding a +0 dagger.
The ball python bites you but does no damage.
The ball python grabs you. The ball python constricts you.
The ball python completely misses you. The ball python constricts you.
You closely miss the ball python.
Dowan shouts!
Dowan seems to find hidden reserves of power!
Dowan mumbles some strange words.
Dowan blinks!
The ball python barely misses you. The ball python constricts you.
The ball python bites you but does no damage.
The ball python constricts you.
You hit the ball python.
You kill the ball python!
Trog accepts your kill. Dowan casts a spell at you.
The shard of ice misses you. Dowan gestures at you while chanting.
The shard of ice hits you.
Dowan says, "How can I live without her?"
Dowan points at you and mumbles some strange words.
The shard of ice hits you!
You barely miss Dowan.
Dowan points at you and mumbles some strange words.
The shard of ice hits you!
* * * LOW HITPOINT WARNING * * *
You block Dowan's attack. Dowan hits you with a +0 dagger.
You die...

#......[.##..# #
#........##..# #
#........# #
#........# #######
#........+ .(.....
#.#).....# #######
...#......#
.....#.e†...# #
#.....#.@....# #
e......######.....
###### ###..#+
..... +....# #.g
..... ##.... ....
##### #.. .. ###


You could see Dowan (fast).

Vanquished Creatures
  Duvessa (D:4)
  A black bear (D:3)
  A scorpion (D:4)
  A hound (D:4)
  6 adders
  An adder skeleton (D:4)
  A worm (D:3)
  A dart slug (D:1)
  9 orcs
  10 ball pythons
  3 endoplasms
  2 giant cockroaches
  7 goblins
  4 hobgoblins
  A jackal (D:1)
  3 kobolds
  6 quokkas
  10 bats
  5 frilled lizards (D:1)
73 creatures vanquished.

Notes
Turn   | Place    | Note
-------+----------+-------------------------------------------
     0 | D:1      | theElss the Gargoyle Berserker began the quest for the Orb.
     0 | D:1      | Reached XP level 1. HP: 14/14 MP: 1/1
   352 | D:1      | Reached XP level 2. HP: 19/19 MP: 2/2
   622 | D:1      | Found Odyfyps's Book Emporium.
   942 | D:1      | Reached XP level 3. HP: 23/23 MP: 3/3
   974 | D:1      | Found a faded altar of an unknown god.
   974 | D:1      | Noticed an Ice Fiend
  1162 | D:2      | Reached ** piety under Trog
  1856 | D:3      | Noticed a black bear
  1866 | D:3      | Killed a black bear
  1867 | D:3      | Reached XP level 4. HP: 29/29 MP: 4/4
  1867 | D:3      | Reached XP level 5. HP: 33/33 MP: 5/5
  3255 | D:4      | Reached XP level 6. HP: 39/39 MP: 6/6
  3569 | D:4      | Noticed Duvessa
  3584 | D:4      | Killed Duvessa
  3590 | D:4      | Noticed Dowan
  3594 | D:4      | HP: 2/40 [Dowan/shard of ice (17)]
  3594 | D:4      | Slain by Dowan

Illustrated notes

Levels and vault maps discovered:
D:1:      saegor_arrival_simple_c, layout_basic,
          dreamdust_ecumenical_altar_sealed_demon, serial_shops,
          nicolae_shop_behind_doors, minmay_strange_pillars,
          chequers_hall_statues_y, minmay_hexomino_f4
D:2:      layout_rooms
D:3:      layout_basic
D:4:      layout_basic, minmay_hedge_maze, hangedman_decor_growths, uniq_duvessa

Skill      XL: |  1  2  3  4  5  6 |
---------------+-------------------+-----
Dodging        | 2 3 |  3.2
Fighting       | 4 |  4.9
Armour         | 3 4 |  4.2
Maces & Flails | 4 |  4.5
Shields        | |  0.9

Action                   |  1- 3 |  4- 6 || total
-------------------------+-------+-------++-------
Melee: Mace              |   136 |   125 ||   261
       Punch             |     1 |       ||     1
       Flail             |       |    12 ||    12
Invok: Berserk           |     1 |     3 ||     4
 Stab: Sleeping          |     1 |       ||     1
Armor: Animal skin       |    56 |       ||    56
       Scale mail        |    13 |       ||    13
       Chain mail        |     6 |    83 ||    89
Dodge: Dodged            |   115 |    70 ||   185
Block: Buckler           |       |     1 ||     1
